 Dungeon Crawl Stone Soup version 0.28-a0-1555-g9ae15a6949 (webtiles) character file.

Game seed: 13982421050337251900

60 belegose the Sneak (level 4, -1/32 HPs)
             Began as a Djinni Enchanter on Jan 18, 2022.
             Slain by a goblin (3 damage)
             ... led by Robin
             ... on level 2 of the Dungeon.
             The game lasted 00:06:46 (2928 turns).

belegose the Sneak (Djinni Enchanter)               Turns: 2928, Time: 00:06:46

Health: -1/32      AC:  2    Str:  9    XL:     4   Next: 25%
Gold:   97         EV: 12    Int: 17    God:
                   SH:  0    Dex: 13

rFire   + + .      SeeInvis .   c - +0 dagger (elec)
rCold   x . .      Faith    .   (no shield)
rNeg    . . .      Spirit   .   b - +0 robe
rPois   ∞          Reflect  .   (no helmet)
rElec   .          Harm     .   (no cloak)
rCorr   .          Rampage  .   (no gloves)
Will    .....                   (boots unavailable)
Stlth   ++........              (no amulet)
HPRegen 0.10/turn               (no ring)
MPRegen 0.00/turn               (no ring)

@: flying
A: sickness immunity, fire resistance 2, cold vulnerability 1, float, innate
caster, hp casting, extra vitality 1
a: no special abilities


You were on level 2 of the Dungeon.
You visited 1 branch of the dungeon, and saw 2 of its levels.

You collected 97 gold pieces.

Inventory:

Hand Weapons
 a - a +1 dagger
 c - a +0 dagger of electrocution (weapon)
 e - a +0 mace
Missiles
 f - 24 stones
 h - 9 sling bullets
Armour
 b - a +0 robe (worn)
Scrolls
 d - a scroll of blinking {unknown}
 g - a scroll of noise {unknown}


   Skills:
 + Level 1.5 Fighting
 + Level 1.7 Short Blades
 - Level 2.1 Dodging
 + Level 3.0 Stealth
 + Level 2.8 Spellcasting


You couldn't memorise any spells.
You knew the following spells:

 Your Spells              Type           Power      Damage    Failure   Level
a - Sandblast             Erth           24%        2d8       5%          1
b - Ensorcelled Hibernat  Hex/Ice        24%        N/A       9%          2
c - Tukima's Dance        Hex            12%        N/A       17%         3
d - Dazzling Flash        Conj/Hex       24%        N/A       17%         3
e - Confusing Touch       Hex            12%        N/A       17%         3
Your spell library was empty.

Dungeon Overview and Level Annotations

Branches:
Dungeon (2/15)

Altars:

Annotations:
D:2 Robin


Innate Abilities, Weirdness & Mutations

You are immune to sickness and miasma.
You are immune to poison.
Your flesh is very heat resistant. (rF++)
You are vulnerable to cold. (rC-)
You float through the air rather than walking.
You learn spells naturally, not from books.
Your magical power is your life essence.
You have superior vitality. (+4 MHP)


Message History

Robin is severely wounded.
Robin's horned helmet rattles.
Robin barely misses you. The goblin barely misses you.
You closely miss Robin.
Robin is severely wounded.
The goblin no longer looks unusually strong.
Robin roars a battlecry!
The goblin goes into a battle-frenzy!
The goblin misses you.
You hear a shout!
You hit Robin but do no damage.
Robin is severely wounded.
Robin barely misses you.
You hit Robin but do no damage.
Robin is severely wounded.
The goblin no longer looks unusually strong. x2
The goblin hits you with a +0 club.
* * * LOW HITPOINT WARNING * * *
Robin roars a battlecry!
The goblins go into a battle-frenzy!
You hit Robin.
Robin is severely wounded.
The goblin barely misses you. Robin misses you.
You hit Robin.
Robin is severely wounded.
The goblin hits you with a +0 club.
* * * LOW HITPOINT WARNING * * *
Unknown command.
You closely miss Robin.
Robin is severely wounded.
The goblin no longer looks unusually strong.
Robin hits you with a +0 dagger.
* * * LOW HITPOINT WARNING * * *
The goblin barely misses you.
Unknown command.
You hit Robin but do no damage.
Robin is severely wounded.
The goblin no longer looks unusually strong.
The goblin hits you with a +0 club.
You die...

##.......##.##.#.
######.......##...
#........##.......
#.................
#....#######....#.
##########......#. ####
##.S.........
#...#######g.##.####...
#...gg@gggSg###.####.#.
#....##########.##...##
#.........)g....##.##
#...#####..........##
#### #..######....###
#.## ##.##.... ##.#
##.....#.# ####..#
#..#####..
#....###############


You could see Robin (resistant), 6 goblins and a ball python.

Vanquished Creatures
  An adder (D:2)
  A worm (D:1)
  A dart slug (D:1)
  3 bats (D:1)
  4 endoplasms
  A giant cockroach (D:1)
  5 goblins
  6 hobgoblins
  7 jackals
  A kobold (D:2)
  2 quokkas (D:1)
  A ball python (D:2)
  2 frilled lizards
  4 rats (D:1)
39 creatures vanquished.

Notes
Turn   | Place    | Note
-------+----------+-------------------------------------------
     0 | D:1      | belegose the Djinni Enchanter began the quest for the Orb.
     0 | D:1      | Reached XP level 1. HP: 15/15 MP: 0/0
   271 | D:1      | Reached skill level 1 in Short Blades
   416 | D:1      | Found a faded altar of an unknown god.
   458 | D:1      | Reached XP level 2. HP: 9/22 MP: 0/0
   898 | D:1      | You are sucked into a shaft and drop 1 floor!
  1559 | D:1      | Reached skill level 1 in Fighting
  1796 | D:1      | Reached XP level 3. HP: 27/27 MP: 0/0
  1796 | D:1      | Learned a level 1 spell: Sandblast
  2473 | D:2      | Reached XP level 4. HP: 23/32 MP: 0/0
  2831 | D:2      | Reached skill level 3 in Stealth
  2858 | D:2      | Noticed Robin
  2928 | D:2      | Slain by a goblin

Illustrated notes

Levels and vault maps discovered:
D:1:      dpeg_arrival_boxes_within_box, layout_loops_ring,
          ebering_ecumenical_altar_rust, minmay_pentomino_r4
D:2:      layout_rooms, uniq_robin

Skill      XL: |  1  2  3  4 |
---------------+-------------+-----
Short Blades   | 1 |  1.7
Fighting       | 1 |  1.5
Stealth        | 3 |  3.0
Dodging        | |  2.1
Spellcasting   | |  2.8

Action                   |  1- 3 |  4- 6 || total
-------------------------+-------+-------++-------
Melee: Dagger            |   140 |    50 ||   190
       Punch             |       |     1 ||     1
 Cast: Ensorcelled Hiber |     1 |       ||     1
       Sandblast         |    12 |     4 ||    16
  Use: Potion            |     1 |     2 ||     3
 Stab: Sleeping          |     5 |       ||     5
Armor: Robe              |    51 |     4 ||    55
Dodge: Dodged            |   134 |    40 ||   174

Table legend: (Time is in decaauts)
 A = Elapsed time spent in this place.
 B = Non-inter-level travel time spent in this place.
 C = Inter-level travel time spent in this place.
 D = Time resting spent in this place.
 E = Time spent auto-exploring this place.
 F = Levels seen in this place.
 G = Mean time per level.
                   A        B        C        D        E       F      G
               +--------+--------+--------+--------+--------+-----+--------+
         Total |   2928 |   2891 |     37 |   1276 |    905 |   2 | 1464.0 |
       Dungeon |   2928 |   2891 |     37 |   1276 |    905 |   2 | 1464.0 |
               +--------+--------+--------+--------+--------+-----+--------+

Top non-repeatable levels by time:
     D:1: 2260 daAuts
     D:2: 668 daAuts
